 Dungeon Crawl Stone Soup version 0.18.1-6-gd335043 (webtiles) character file.

1425 Gingerlord the Skirmisher (level 9, -4/70 HPs)
             Began as a Formicid Abyssal Knight on May 17, 2016.
             Was a Believer of Lugonu.
             Killed by nerve-wracking pain
             ... invoked by a shadow imp
              (12 damage)
             ... on level 5 of the Dungeon.
             The game lasted 00:17:22 (6167 turns).

Gingerlord the Skirmisher (Formicid Abyssal Knight) Turns: 6167, Time: 00:17:23

Health: -4/70      AC:  9    Str: 17    XL:     9   Next: 3%
Magic:  13/13      EV: 11    Int: 13    God:    Lugonu [**....]
Gold:   217        SH:  0    Dex: 12    Spells: 0 memorised, 8 levels left

rFire  . . .     SeeInvis +     a - +2 falchion
rCold  . . .     Gourm    .     e - +0 scale mail
rNeg   + . .     Faith    .     (no shield)
rPois  +         Spirit   .     (helmet unavailable)
rElec  .         Dismiss  .     w - +0 cloak
rCorr  .         Reflect  .     k - +0 pair of gloves
SustAt .         Harm     .     (no boots)
MR     .....                    (no amulet)
Stlth  ..........               i - ring of poison resistance
                                b - ring of positive energy

@: not resistant to hostile enchantments, extremely unstealthy
A: permanent stasis, dig shafts and tunnels, four strong arms, antennae 3
a: Dig, Shaft Self, Depart the Abyss, Bend Space, Renounce Religion


You were on level 5 of the Dungeon.
You worshipped Lugonu.
Lugonu was pleased with you.
You were not hungry.

You visited 1 branch of the dungeon, and saw 6 of its levels.
You visited the Abyss 1 time.

You collected 217 gold pieces.

Inventory:

Hand Weapons
 a - a +2 falchion (weapon)
Armour
 e - a +0 scale mail (worn)
 k - a +0 pair of gloves (worn)
 t - a +0 large shield
 w - a +0 cloak (worn)
Jewellery
 b - a ring of positive energy (left hand)
 i - a ring of poison resistance (right hand)
Scrolls
 f - a scroll of remove curse
 g - 2 scrolls of enchant weapon
 l - a scroll of fog
 n - a scroll of amnesia {unknown}
 y - a scroll of recharging
 C - 2 scrolls of magic mapping {unknown}
Potions
 h - a potion of mutation {unknown}
 j - a potion of curing
 s - 2 potions of cancellation {unknown}
 u - a potion of might {unknown}
 v - a potion of lignification {unknown}
 x - a potion of flight {unknown}
 A - 3 potions of brilliance
 B - a potion of magic {unknown}
Comestibles
 c - 4 bread rations
 m - 3 meat rations
 p - a royal jelly


   Skills:
 + Level 6.3 Fighting
 + Level 4.3 Long Blades
 + Level 5.2 Armour
 + Level 3.7 Dodging
 + Level 4.2 Shields
 + Level 5.5 Invocations


You had 8 spell levels left.
You didn't know any spells.

Dungeon Overview and Level Annotations

Branches:
Dungeon (6/15)             Temple (0/1) D:5

Altars:
Dithmenos
Elyvilon
Fedhas
Nemelex Xobeh
Pakellas
Sif Muna
Vehumet

Annotations:
D:3 1 exclusion
D:5 Pikel


Innate Abilities, Weirdness & Mutations

You are under a permanent stasis effect.
You can dig through walls and to a lower floor.
Your four strong arms can wield two-handed weapons with a shield.
You have a pair of large antennae on your head (SInv).


Message History

Pikel barely misses you.
Unknown command.
Pikel says, "You'll feel the lick of my whip!"
Pikel says, "I knew I should've brought a map."
Pikel says, "You'll feel the lick of my whip!"
Pikel drinks a potion.
Pikel is healed!
Pikel sighs. "I should go into elves; they're easier to handle.
And prettier!"
There is a large open door here.
Pikel cracks his whip.
A shadow imp comes into view.
The shadow imp shouts!
The shadow imp gestures at you. Pain shoots through your body!
* * * LOW HITPOINT WARNING * * *
Pikel sighs. "I should go into elves; they're easier to handle.
And prettier!"
The shadow imp spits at you. The shadow imp barely misses you.
The shadow imp gestures at you. Pain shoots through your body!
You die...

#.....
######################.....
#..........................
#>...................#.....
#.##################..###.#
#.# #########.# #.# #.##
#.......#.# #.#
#..##########.......#.###.#
♣♣.♣♣.....@.........#..##.#
##♣#'#♣..K5...........##.##.#
#..'_'................##?.#.#
#.♣#'#♣..######.......###.#.#
#.♣♣.♣♣..# ####.......# #)#.#
#.#..#...###..........###.#.#
#...##.......................
###.##...8.8.8........###.#.#
#.##....⌠.⌠..###....# #.#.#


You could see Pikel and a shadow imp.

Vanquished Creatures
  Grinder (D:3)
  Sigmund (D:3)
  Duvessa (D:5)
  An ice beast (D:4)
  2 slaves
  An ogre (D:4)
  Blork the orc (D:5)
  Dowan (D:5)
  A gnoll sergeant (D:5)
  The ghost of SatanTheWizard the Insei, a weakling DgTm (D:4)
  A crimson imp (D:5)
  A giant frog zombie (D:4)
  A hound (D:5)
  Crazy Yiuf (D:3)
  Ijyb (D:3)
  A hound skeleton (D:5)
  7 gnolls
  14 adders
  A shadow imp (D:5)
  2 oozes
  2 worms (D:3)
  3 dart slugs
  3 giant geckos
  3 orcs
  3 giant cockroaches
  2 goblins (D:3)
  4 hobgoblins
  4 jackals (D:3)
  A quokka (D:2)
  2 ball pythons
  A ball python skeleton (D:4)
  7 bats
  A giant gecko zombie (D:5)
  3 giant newts
  9 kobolds
  3 rats
92 creatures vanquished.

Vanquished Creatures (others)
  Menkaure (D:5)
1 creature vanquished.

Grand Total: 93 creatures vanquished

Notes
Turn   | Place    | Note
--------------------------------------------------------------
     0 | Abyss:1  | Gingerlord the Formicid Abyssal Knight began the quest for the Orb.
     0 | Abyss:1  | Reached XP level 1. HP: 18/18 MP: 2/2
    67 | Abyss:1  | Noticed a shadow wraith
    67 | Abyss:1  | Found a corrupted altar of Lugonu.
    68 | D:1      | Escaped the Abyss
   153 | D:1      | Reached XP level 2. HP: 22/25 MP: 3/3
   171 | D:1      | Reached * piety under Lugonu
   290 | D:1      | Reached skill level 4 in Fighting
   351 | D:1      | Reached XP level 3. HP: 29/30 MP: 4/4
   769 | D:2      | Found a radiant altar of Vehumet.
   782 | D:2      | Reached XP level 4. HP: 32/38 MP: 5/5
   870 | D:2      | Reached skill level 1 in Dodging
  1361 | D:3      | Noticed Ijyb
  1438 | D:3      | Noticed Sigmund
  1620 | D:3      | Found a shadowy altar of Dithmenos.
  1696 | D:3      | Killed Ijyb
  1696 | D:3      | Reached XP level 5. HP: 43/43 MP: 5/7
  1822 | D:3      | Noticed Grinder
  1883 | D:4      | Noticed SatanTheWizard's ghost (weakling DgTm)
  1888 | D:5      | Entered Level 5 of the Dungeon
  1900 | D:5      | Reached skill level 1 in Shields
  1918 | D:5      | Reached ** piety under Lugonu
  1952 | D:5      | Reached XP level 6. HP: 38/50 MP: 8/8
  2016 | D:5      | Noticed a slave
  2150 | D:4      | Killed SatanTheWizard's ghost
  2150 | D:4      | Reached skill level 5 in Fighting
  2384 | D:4      | Noticed an ice beast
  2698 | D:5      | Found a sparkling altar of Nemelex Xobeh.
  2734 | D:5      | Noticed Pikel
  2735 | D:5      | Noticed a slave
  2735 | D:5      | Noticed a slave
  2735 | D:5      | Found a staircase to the Ecumenical Temple.
  2735 | D:5      | Noticed Menkaure
  3189 | D:3      | Killed Grinder
  3189 | D:3      | Reached XP level 7. HP: 32/56 MP: 9/9
  3387 | D:3      | Found an oddly glowing altar of Pakellas.
  3571 | D:3      | Noticed Crazy Yiuf
  3581 | D:3      | Killed Crazy Yiuf
  3826 | D:3      | Found a blossoming altar of Fedhas.
  3908 | D:3      | Killed Sigmund
  3967 | D:3      | Reached XP level 8. HP: 26/63 MP: 11/11
  4602 | D:4      | Found a white marble altar of Elyvilon.
  4748 | D:4      | Reached skill level 6 in Fighting
  5027 | D:5      | Reached skill level 5 in Invocations
  5163 | D:5      | Noticed Dowan
  5164 | D:5      | Noticed Duvessa
  5194 | D:5      | Killed Duvessa
  5194 | D:5      | Reached skill level 5 in Armour
  5498 | D:5      | Killed Dowan
  5731 | D:5      | Noticed Blork the orc
  5746 | D:5      | Killed Blork the orc
  5756 | D:5      | Killed Menkaure
  5756 | D:5      | Reached XP level 9. HP: 23/70 MP: 13/13
  5979 | D:5      | Found a deep blue altar of Sif Muna.
  6167 | D:5      | Killed from afar by a shadow imp

Skill      XL: |  1  2  3  4  5  6  7  8 |
---------------+-------------------------+-----
Fighting       | 4 5 6 |  6.3
Dodging        | 1 2 3 |  3.7
Armour         | 3 4 5 |  5.2
Shields        | 1 2 3 4 |  4.2
Invocations    | 3 4 5 |  5.5
Long Blades    | 3 4 |  4.3

Action                   |  1- 3 |  4- 6 |  7- 9 || total
-------------------------+-------+-------+-------++-------
Melee: Falchion          |    64 |   161 |   265 ||   490
Invok: Depart the Abyss  |     1 |       |       ||     1
       Bend Space        |       |     2 |       ||     2
 Abil: Dig               |       |     6 |       ||     6
  Use: Scroll            |       |     7 |     1 ||     8
       Potion            |       |     3 |     3 ||     6
  Eat: Chunk             |       |     5 |     9 ||    14
       Pizza             |       |     2 |       ||     2
       Beef jerky        |       |       |     1 ||     1
Armor: Scale mail        |    30 |   108 |    93 ||   231
       Leather armour    |     1 |       |       ||     1
Dodge: Dodged            |    38 |   131 |   147 ||   316
